 Dungeon Crawl Stone Soup version 0.31-a0-174-g85c54bcb58 (webtiles) character file.

Game seed: 4680024811813035659

1414 AlphaV0851 the Fighter (level 8, -1/75 HPs)
             Began as a Minotaur Fighter on June 15, 2023.
             Was a Priest of Okawaru.
             Slain by an orc warrior
             ... wielding a +2 trident of flaming
              (13 damage)
             ... on level 6 of the Dungeon.
             The game lasted 00:35:10 (5546 turns).

AlphaV0851 the Fighter (Minotaur Fighter)           Turns: 5546, Time: 00:35:12

Health: -1/75      AC: 12    Str: 23    XL:     8   Next: 43%
Magic:  7/7        EV: 10    Int:  9    God:    Okawaru [***...]
Gold:   402        SH:  5    Dex: 10    Spells: 7/7 levels left

rFire   . . .        D - +8 falchion
rCold   . . .        c - +0 buckler
rNeg    + . .        E - +2 ring mail of Odosom {rN+ Will- Int+4 Slay+3}
rPois   .            (helmet restricted)
rElec   .            n - +0 cloak
rCorr   .            C - +1 pair of gloves
SInv    +            (no boots)
Will    .....        K - amulet of magic regeneration Stlth
                     A - ring of see invisible
HPRegen 0.32/turn    (no ring)
MPRegen 0.50/turn

%: no passive effects
@: mighty
A: horns 2, retaliatory headbutt
a: Renounce Religion, Heroism


You were on level 6 of the Dungeon.
You worshipped Okawaru.
Okawaru was most pleased with you.
You visited 2 branches of the dungeon, and saw 7 of its levels.

You collected 402 gold pieces.

Inventory:

Hand Weapons
 a - a +0 long sword
 p - a +0 mace
 w - a +0 whip
 D - a +8 falchion (weapon)
 G - a +0 spear
Missiles
 f - 4 poisoned darts
 r - 2 boomerangs
 I - 2 atropa-tipped darts
Armour
 b - a +0 scale mail
 c - a +0 buckler (worn)
 l - a +0 scale mail
 m - a +0 chain mail
 n - a +0 cloak (worn)
 v - a +2 ring mail of cold resistance
 C - a +1 pair of gloves (worn)
 E - the +2 ring mail of Odosom (worn) {rN+ Will- Int+4 Slay+3}
   (You took it off an orc on level 4 of the Dungeon)

   Int:       It affects your intelligence (+4).
   Slay:      It affects your accuracy & damage with ranged weapons and melee
   (+3).
   rN:        It protects you from negative energy.
   Will:      It decreases your willpower.
 F - a +0 cloak
Jewellery
 A - a ring of see invisible (left hand)
 K - an amulet of magic regeneration (around neck)
 L - a ring of protection from cold
Wands
 H - a wand of paralysis (6)
Scrolls
 e - a scroll of fog {unknown}
 g - a scroll of poison {unknown}
 h - 2 scrolls of acquirement {unknown}
 i - 4 scrolls of teleportation {unknown}
 k - 2 scrolls of torment {unknown}
 o - 8 scrolls of identify {unknown}
 t - a scroll of noise {unknown}
 x - 3 scrolls of immolation {unknown}
 y - 3 scrolls of enchant weapon {unknown}
 B - a scroll of amnesia {unknown}
 J - a scroll of enchant armour {unknown}
Potions
 j - 3 potions of curing {unknown}
 q - a potion of resistance {unknown}
 s - 2 potions of mutation {unknown}
 u - 3 potions of attraction {unknown}
 z - 3 potions of brilliance {unknown}


   Skills:
 * Level 8.4 Fighting
 + Level 6.2 Long Blades
 + Level 6.7 Armour
 + Level 6.7 Shields


You had 7 spell levels left.
You didn't know any spells.
Your spell library contained the following spells:

 Spells                   Type           Power      Damage    Failure   Level
 Foxfire                  Conj/Fire      0%         2x1d4     58%         1
 Inner Flame              Hex/Fire       0%         N/A       91%         3
 Fireball                 Conj/Fire      0%         3d3       100%        5
 Yara's Violent Unravell  Hex/Tmut       0%         3d3       100%        5
 Plasma Beam              Fire/Air       0%         2x1d10    100%        6
 Starburst                Conj/Fire      0%         6d3       100%        6
 Enfeeble                 Hex            0%         N/A       100%        7
 Summon Small Mammal      Summ           Unusable   N/A       N/A         1
 Call Canine Familiar     Summ           Unusable   N/A       N/A         3
 Summon Guardian Golem    Hex/Summ       Unusable   N/A       N/A         3

Dungeon Overview and Level Annotations

Branches:
Dungeon (6/15)             Temple (1/1) D:4

Altars:
Ashenzari
Kikubaaqudgha
Makhleb
Nemelex Xobeh
Okawaru
Qazlal
Sif Muna
Trog
Uskayaw
Yredelemnul

Shops:
D:2 [*!([

Annotations:
D:6 2 transporters, pornopis's ghost, novice TeVM


Innate Abilities, Weirdness & Mutations

You have a pair of horns on your head.
You reflexively headbutt those who attack you in melee.


Message History

You are confused.
The orc warrior hits you from afar with a +2 trident of flaming.
The orc warrior burns you.
The orc priest hits you with a +0 hand axe.
You're too confused to move!
The orc hits you with a +0 flail. The orc wizard barely misses you.
The orc warrior hits you from afar with a +2 trident of flaming.
The orc warrior burns you.
The orc priest hits you with a +0 hand axe.
You're too confused to move!
The orc hits you with a +0 flail.
The orc wizard hits you but does no damage.
The orc priest hits you but does no damage.
The orc warrior hits you from afar with a +2 trident of flaming.
The orc warrior burns you.
The orc priest attacks as you move away!
The orc priest misses you.
The orc warrior hits you from afar with a +2 trident of flaming.
* * * LOW HITPOINT WARNING * * *
The orc warrior burns you.
* * * LOW HITPOINT WARNING * * *
The orc priest mumbles some strange prayers to Beogh against you.
Beogh smites you!
* * * LOW HITPOINT WARNING * * *
The orc wizard attacks as you move away!
The orc wizard misses you.
You bump into the rock wall.
The orc wizard mumbles some strange words.
The orc wizard flickers and vanishes for a moment.
The orc hits you but does no damage.
You're too confused to move!
You feel less confused. The orc hits you but does no damage.
The orc warrior barely misses you. You block the orc priest's attack.
You feel very mighty all of a sudden. The orc hits you but does no damage.
The orc priest closely misses you. You furiously retaliate!
You headbutt the orc priest!
You kill the orc priest!
Okawaru accepts your kill.
The orc warrior hits you from afar with a +2 trident of flaming!
You die...

#.. #. #.. #.# #.# #.#
#. #.# ##.# #. #.# .#.#
#. #.# .#.#########. #.#
..........##.###@######
.#.....##.##..W)o.......
.#.###.##.###..oo.......
.......##.# #..)........
.....#.##.###...........
.###.#.##.#.............
..........#.#....?......
.......##...####........
.......##.#..# .......


You could see an orc warrior, a phantom, an orc wizard (invisible) and an orc.

Vanquished Creatures
  The ghost of goupaloupa the Conjurer, an amateur NaCj (D:4)
  A steam dragon (D:6)
  A water moccasin (D:5)
  An orc warrior (D:6)
  A sky beast (D:6)
  A phantom (D:5)
  2 scorpions (D:5)
  4 hounds
  A jelly (D:4)
  3 orc priests
  A gnoll bouda (D:5)
  Ijyb (D:5)
  An iguana (D:5)
  An orc wizard (D:3)
  7 adders
  3 gnolls (D:5)
  3 shadow imps
  A white imp (D:6)
  An ufetubus (D:5)
  4 worms (D:2)
  3 dart slugs
  20 orcs
  5 bats
  9 endoplasms
  A giant cockroach (D:1)
  11 goblins
  8 hobgoblins
  4 jackals (D:4)
  5 quokkas
  13 ball pythons
  A frilled lizard (D:2)
  10 kobolds
  7 rats
136 creatures vanquished.

Notes
Turn   | Place    | Note
-------+----------+-------------------------------------------
     0 | D:1      | AlphaV0851 the Minotaur Fighter began the quest for the
                  | Orb.
     0 | D:1      | Reached XP level 1. HP: 19/19 MP: 0/0
   186 | D:1      | Found a faded altar of an unknown god.
   199 | D:1      | Reached XP level 2. HP: 27/27 MP: 1/1
   207 | D:1      | Prayed at the altar of an unknown god.
   207 | D:1      | Became a worshipper of Warmaster Okawaru
   207 | D:1      | Reached * piety under Okawaru
   491 | D:1      | Reached skill level 4 in Fighting
   824 | D:2      | Found Taemyib's Armour Shop.
   831 | D:2      | Reached XP level 3. HP: 32/33 MP: 2/2
   858 | D:2      | Found Kaaph's Distillery.
   879 | D:2      | Found Latuvuol's Assorted Antiques.
   882 | D:2      | Found Houts's Antique Weapon Shoppe.
   993 | D:2      | Found Zeolal's Antique Armour Emporium.
  1295 | D:2      | Reached XP level 4. HP: 40/40 MP: 3/3
  1858 | D:3      | Reached XP level 5. HP: 45/47 MP: 4/4
  2569 | D:4      | Found a staircase to the Ecumenical Temple.
  2588 | Temple   | Entered the Ecumenical Temple
  2781 | D:4      | Reached skill level 5 in Fighting
  2782 | D:4      | Found a runed translucent gate.
  2784 | D:4      | Found a runed translucent gate.
  2785 | D:4      | Found a runed translucent gate.
  2785 | D:4      | Noticed goupaloupa's ghost (amateur NaCj)
  2787 | D:4      | Identified the +2 ring mail of Odosom {rN+ Will- Int+4
                  | Slay+3}
  3500 | D:4      | Killed goupaloupa's ghost
  3500 | D:4      | Reached ** piety under Okawaru
  3501 | D:4      | Reached skill level 6 in Fighting
  3501 | D:4      | Reached skill level 5 in Armour
  3501 | D:4      | Reached skill level 5 in Shields
  3501 | D:4      | Reached XP level 6. HP: 26/57 MP: 5/5
  3897 | D:5      | Entered Level 5 of the Dungeon
  4049 | D:5      | Noticed Ijyb
  4053 | D:5      | Reached XP level 7. HP: 59/64 MP: 6/6
  4061 | D:5      | Killed Ijyb
  4087 | D:5      | Reached skill level 5 in Long Blades
  4346 | D:5      | Reached skill level 7 in Fighting
  4348 | D:5      | Reached *** piety under Okawaru
  4348 | D:5      | Received a gift from Okawaru
  4549 | D:5      | Reached XP level 8. HP: 70/73 MP: 7/7
  4564 | D:5      | Found a shimmering blue altar of Sif Muna.
  4982 | D:6      | Found a transporter.
  4985 | D:6      | Found a transporter.
  4985 | D:6      | Noticed pornopis's ghost (novice TeVM)
  5028 | D:6      | Reached skill level 8 in Fighting
  5546 | D:6      | Slain by an orc warrior

Illustrated notes

Levels and vault maps discovered:
D:1:      giann_horns, layout_basic, nicolae_ecumenical_snake_handling,
          minmay_small_reverse_x
D:2:      layout_rooms, serial_shops, nicolae_shop_tiny_glass,
          nicolae_shop_behind_doors, shop, shop, nicolae_square_shop,
          grunt_ministairs_1, minivault_27, minmay_fractal_squares_5
D:3:      layout_basic, serial_bayou_pond_a
D:4:      layout_loops_cross, minmay_temple_entry_crystal_x,
          biasface_ghost_orc_armoury
D:5:      layout_loops_ring, lemuel_doored_altar, chequers_arboretum, uniq_ijyb
D:6:      layout_basic, minitemple, fedhas_altar_1, gammafunk_ghost_arena
Temple:   hellmonk_temple_forest_ring

Skill      XL: |  1  2  3  4  5  6  7  8 |
---------------+-------------------------+-----
Armour         | 4 5 6 |  6.7
Shields        | 4 5 6 |  6.7
Fighting       | 4 6 7 8 |  8.4
Long Blades    | 3 4 5 6 |  6.2

Action                     |  1- 3 |  4- 6 |  7- 9 || total
---------------------------+-------+-------+-------++-------
  Melee: Long sword        |   101 |   176 |       ||   277
         Headbutt          |    12 |    20 |    12 ||    44
         Falchion          |       |    12 |    83 ||    95
    Use: Potion            |       |     1 |     1 ||     2
 Armour: Scale mail        |    20 |       |       ||    20
         Chain mail        |    31 |    88 |       ||   119
         Ring mail         |       |     8 |    41 ||    49
  Dodge: Dodged            |    37 |    63 |    41 ||   141
  Block: Buckler           |    21 |    28 |    15 ||    64

Table legend: (Time is in decaauts)
 A = Elapsed time spent in this place.
 B = Non-inter-level travel time spent in this place.
 C = Inter-level travel time spent in this place.
 D = Time resting spent in this place.
 E = Time spent auto-exploring this place.
 F = Levels seen in this place.
 G = Mean time per level.
                   A        B        C        D        E       F      G
               +--------+--------+--------+--------+--------+-----+--------+
         Total |   5626 |   5590 |     36 |    841 |   2205 |   7 |  803.7 |
       Dungeon |   5462 |   5426 |     36 |    841 |   2205 |   6 |  910.3 |
        Temple |    163 |    163 |      0 |      0 |      0 |   1 |  163.0 |
               +--------+--------+--------+--------+--------+-----+--------+

Top non-repeatable levels by time:
     D:4: 1251 daAuts
     D:3: 1001 daAuts
     D:5: 975 daAuts
     D:1: 821 daAuts
     D:2: 732 daAuts
     D:6: 679 daAuts
  Temple: 163 daAuts
